 Dungeon Crawl Stone Soup version 0.27.1-3-gb3d3a73c9e (webtiles) character file.

Game seed: 7921595616539953165

1575 barney the Transmogrifier (level 8, 0/59 HPs)
             Began as a Red Draconian Transmuter on Oct 6, 2021.
             Was a Follower of Cheibriados.
             Slain by an orc warrior (16 damage)
             ... on level 5 of the Dungeon.
             The game lasted 00:08:55 (8684 turns).

barney the Transmogrifier (DrTm)                    Turns: 8684, Time: 00:08:55

Health: 0/59       AC:  2    Str: 15    XL:     8   Next: 60%
Magic:  9/11       EV: 19    Int: 17    God:    Cheibriados [*.....]
Gold:   182        SH:  0    Dex: 19    Spells: 1/11 levels left

rFire    . . .     SeeInvis .     - Unarmed
rCold    . . .     Faith    .   (shield currently unavailable)
rNeg     + . .     Spirit   .   (armour unavailable)
rPois    x         Reflect  .   (helmet currently unavailable)
rElec    .         Harm     .   (cloak currently unavailable)
rCorr    .         Rampage  .   (gloves currently unavailable)
Will     +....                  (boots currently unavailable)
Stlth    ++........             (no amulet)
HPRegen  0.19/turn              l - ring of positive energy
MPRegen  0.12/turn              p - ring of willpower

@: short of breath, spider-form, very slow
A: venomous fangs, (breathe fire), AC +6, tiny, unfitting armour, (fire
resistance 1), (cold-blooded), (cold resistance 1), passive freeze, MP-powered
wands
a: End Transformation, Renounce Religion, Bend Time


You were on level 5 of the Dungeon.
You worshipped Cheibriados.
Cheibriados was aware of your devotion.
You were a venomous arachnid creature.
You visited 2 branches of the dungeon, and saw 6 of its levels.

You collected 182 gold pieces.

Inventory:

Hand Weapons
 a - a +3 quarterstaff of chaos
 e - a +2 trident of freezing (melded)
 n - a +2 long sword of protection
Armour
 c - a +2 cloak (melded)
Jewellery
 l - a ring of positive energy (left front leg)
 p - a ring of willpower (right front leg)
Scrolls
 b - 5 scrolls of identify
 d - a scroll of holy word
 f - a scroll of teleportation {unknown}
 h - a scroll of vulnerability {unknown}
 i - a scroll of enchant weapon {unknown}
 j - 2 scrolls of enchant armour {unknown}
 m - 2 scrolls of magic mapping {unknown}
Potions
 o - a potion of cancellation {unknown}


   Skills:
 - Level 1.1 Fighting
 - Level 1.7 Dodging
 - Level 3.0 Unarmed Combat
 - Level 2.0 Spellcasting
 + Level 10.3 Transmutations
 + Level 3.0 Ice Magic


You had one spell level left.
You knew the following spells:

 Your Spells              Type           Power      Damage    Failure   Level
a - Beastly Appendage     Tmut           72%        N/A       2%          1
b - Spider Form           Tmut/Pois      9%         N/A       19%         3
c - Wereblood             Tmut           36%        N/A       3%          2
d - Ice Form              Ice/Tmut       24%        N/A       30%         4

Your spell library contained the following spells:

 Spells                   Type           Power      Damage    Failure   Level
 Inner Flame              Hex/Fire       1%         N/A       71%         3
 Cause Fear               Hex            0%         N/A       96%         4
 Discord                  Hex            0%         N/A       100%        8


Dungeon Overview and Level Annotations

Branches:
Dungeon (5/15)             Temple (1/1) D:4

Altars:
Cheibriados
Dithmenos
Elyvilon
Fedhas
Gozag
Makhleb
Qazlal
Wu Jian
Yredelemnul
Zin

Shops:
D:5 [


Innate Abilities, Weirdness & Mutations

You are a venomous arachnid creature.
You have poisonous fangs.
You are tiny and dextrous.
Your spellcasting is less reliable in this form.
Your armour is entirely melded.
You are incapable of wielding weapons or throwing items.
((You can breathe blasts of fire.))
((Your fiery red scales are hard. (AC +6)))
You cannot fit into any form of body armour.
((Your flesh is heat resistant. (rF+)))
((You are cold-blooded and may be slowed by cold attacks.))
((Your flesh is cold resistant. (rC+)))
A frigid envelope surrounds you and freezes all who hurt you.
You expend magic power (3 MP) to strengthen your wands.


Message History

The orc priest completely misses you.
You hit the orc priest.
You kill the orc priest!
Cheibriados appreciates the change of pace.
The orc warrior throws a boomerang.
The boomerang hits you.
Your Ice Magic skill increases to level 3!
The orc warrior misses you. The orc warrior barely misses you.
You hit the orc warrior.
The orc warrior is lightly wounded.
The orc warrior barely misses you.
You hit the orc warrior but do no damage.
The orc warrior is lightly wounded.
The orc warrior zaps a wand.
The puff of flame hits you.
You bite the orc warrior!
The orc warrior is poisoned.
The orc warrior is moderately wounded.
The orc warrior barely misses you.
You hit the orc warrior.
The orc warrior is heavily wounded.
The orc warrior misses you.
You closely miss the orc warrior.
The orc warrior is heavily wounded.
You hit the orc warrior but do no damage.
The orc warrior is heavily wounded.
The orc warrior hits you with a +0 battleaxe!!
The orc warrior is very cold.
The orc warrior is heavily wounded.
You hit the orc warrior but do no damage.
The orc warrior looks as sick as possible!
The orc warrior is heavily wounded.
The orc warrior zaps a wand.
The puff of flame hits you!
* * * LOW HITPOINT WARNING * * *
You hit the orc warrior.
The orc warrior looks as sick as possible!
The orc warrior is severely wounded.
The orc warrior completely misses you.
You hit the orc warrior.
The orc warrior looks as sick as possible!
The orc warrior is severely wounded.
The orc warrior hits you with a +0 battleaxe!
You die...

.......# ######.###
......# #...## ## ......
#..... ...
.....#######...## ....
#..##.....##.....
.....####..##...#.#......
........#..##...#.#......
......)....##...#........
....#...s..#.....########
. #...o..'.............
#...#..#.....###..###
#####..#.....###..###
.......#.............
.o....##...........##
#..)###.....###...# ##...
#.#+#####...## #..
#........###.#...........


You could see an orc warrior (extremely poisoned).

Vanquished Creatures
  Sigmund (D:2)
  An ice beast (D:5)
  An orc warrior (D:5)
  2 ogres (D:4)
  A gnoll sergeant (D:5)
  4 scorpions
  A water moccasin skeleton (D:5)
  A bullfrog zombie (D:5)
  2 orc priests
  3 hounds
  Crazy Yiuf (D:2)
  A centaur skeleton (D:4)
  A bullfrog skeleton (D:5)
  4 orc wizards (D:3)
  Terence (D:3)
  2 hound skeletons (D:4)
  Robin (D:1)
  4 gnolls (D:5)
  12 adders
  A worm (D:4)
  6 dart slugs
  15 orcs
  12 ball pythons
  6 endoplasms
  4 giant cockroaches
  14 goblins
  13 hobgoblins
  A quokka (D:3)
  5 bats
  4 frilled lizards (D:1)
  5 kobolds
  8 rats
138 creatures vanquished.

Vanquished Creatures (others)
  3 fungi (D:2)
3 creatures vanquished.

Grand Total: 141 creatures vanquished

Notes
Turn   | Place    | Note
-------+----------+-------------------------------------------
     0 | D:1      | barney the Draconian Transmuter began the quest for the
                  | Orb.
     0 | D:1      | Reached XP level 1. HP: 16/16 MP: 3/3
   283 | D:1      | Reached XP level 2. HP: 20/23 MP: 3/5
   420 | D:1      | Found a faded altar of an unknown god.
   423 | D:1      | Reached skill level 3 in Transmutations
   817 | D:2      | Noticed Sigmund
   829 | D:2      | Noticed Robin
   841 | D:1      | Reached XP level 3. HP: 22/28 MP: 4/6
   848 | D:1      | Learned a level 3 spell: Spider Form
   851 | D:1      | Learned a level 2 spell: Wereblood
  1153 | D:1      | Killed Robin
  1651 | D:2      | Reached skill level 4 in Transmutations
  1948 | D:2      | Reached XP level 4. HP: 35/35 MP: 5/7
  2004 | D:2      | Killed Sigmund
  2005 | D:2      | Reached skill level 6 in Transmutations
  2005 | D:2      | Reached XP level 5. HP: 35/40 MP: 5/8
  2650 | D:2      | Found a runed translucent door.
  2651 | D:2      | Noticed Crazy Yiuf
  2919 | D:2      | Killed Crazy Yiuf
  2920 | D:2      | Reached XP level 6. HP: 39/47 MP: 5/9
  3322 | D:3      | Reached skill level 7 in Transmutations
  3548 | D:3      | Noticed Terence
  3566 | D:3      | Killed Terence
  4652 | D:3      | Your scales start taking on a fiery red colour.
  4652 | D:3      | Reached XP level 7. HP: 47/52 MP: 4/10
  4652 | D:3      | Gained mutation: Your flesh is heat resistant. (rF+) [Red
                  | Draconian growth]
  4906 | D:4      | Reached skill level 8 in Transmutations
  5126 | D:4      | Found a white marble altar of Elyvilon.
  5515 | D:4      | Found a staircase to the Ecumenical Temple.
  5662 | Temple   | Entered the Ecumenical Temple
  5778 | Temple   | Became a worshipper of Cheibriados the Contemplative
  5975 | D:4      | Reached skill level 9 in Transmutations
  6289 | D:5      | Entered Level 5 of the Dungeon
  6300 | D:5      | Reached XP level 8. HP: 44/59 MP: 8/11
  6410 | D:5      | Found Rudgh's Armour Shoppe.
  6416 | D:5      | Learned a level 4 spell: Ice Form
  6624 | D:5      | Reached skill level 1 in Ice Magic
  7065 | D:5      | Gained mutation: You do not regenerate when monsters are
                  | visible. [potion of mutation]
  7523 | D:5      | Lost mutation: You do not regenerate when monsters are
                  | visible. [potion of mutation]
  7523 | D:5      | Gained mutation: A frigid envelope surrounds you and
                  | freezes all who hurt you. [potion of mutation]
  7523 | D:5      | Gained mutation: You expend magic power (3 MP) to
                  | strengthen your wands. [potion of mutation]
  7523 | D:5      | Gained mutation: Your flesh is cold resistant. (rC+)
                  | [potion of mutation]
  7595 | D:5      | Reached skill level 10 in Transmutations
  8124 | D:5      | Reached * piety under Cheibriados
  8684 | D:5      | Slain by an orc warrior

Illustrated notes

Levels and vault maps discovered:
D:1:      dpeg_arrival_round_b, layout_loops_ring,
          ebering_ecumenical_altar_hall, minmay_cupped
D:2:      layout_rooms, minmay_crystal_water, uniq_robin, uniq_sigmund,
          uniq_crazy_yiuf_cottage
D:3:      minmay_chambers_of_threes, layout_loops_corners, uniq_terence
D:4:      layout_basic, nicolae_elyvilon_peaceful_grove,
          minmay_temple_entry_junction_2
D:5:      layout_basic, serial_shops, nicolae_take_the_stairs
Temple:   nicolae_temple_figure_zero

Skill      XL: |  1  2  3  4  5  6  7  8 |
---------------+-------------------------+-----
Transmutations | 3 4 6 7 9 10 | 10.3
Ice Magic      | 3 |  3.0
Fighting       | |  1.1
Dodging        | |  1.7
Unarmed Combat | |  3.0
Spellcasting   | |  2.0

Action                   |  1- 3 |  4- 6 |  7- 9 || total
-------------------------+-------+-------+-------++-------
Melee: Unarmed           |    98 |    92 |   114 ||   304
       Tailslap          |     7 |     9 |     5 ||    21
       Headbutt          |     6 |     4 |     8 ||    18
       Kick              |     8 |    14 |     9 ||    31
       Punch             |       |     1 |       ||     1
       Quarterstaff      |       |    44 |    22 ||    66
       Long sword        |       |       |    12 ||    12
       Trident           |       |       |     2 ||     2
 Cast: Beastly Appendage |    19 |    16 |    17 ||    52
       Spider Form       |     3 |     9 |    17 ||    29
       Wereblood         |       |     3 |     2 ||     5
 Abil: Breathe Fire      |       |       |    13 ||    13
  Use: Potion            |       |     3 |     5 ||     8
       Scroll            |       |       |     4 ||     4
Armor: Skin              |    20 |    31 |    32 ||    83
Dodge: Dodged            |    88 |   140 |   132 ||   360
       Rpst.: Long sword |       |       |     5 ||     5
